 Dungeon Crawl Stone Soup version 0.18.1-50-g88ac8fd (webtiles) character file.

1855 Gargoyl the Covered (level 8, -2/64 HPs)
             Began as a Demonspawn Abyssal Knight on Sept 15, 2016.
             Was an Elder of Lugonu.
             Slain by a killer bee (7 damage)
             ... on level 7 of the Dungeon.
             The game lasted 00:21:58 (6814 turns).

Gargoyl the Covered (Demonspawn Abyssal Knight)     Turns: 6814, Time: 00:21:58

Health: -2/64      AC: 19    Str: 19    XL:     8   Next: 89%
Magic:  10/10      EV: 12    Int: 16    God:    Lugonu [****..]
Gold:   205        SH:  0    Dex: 18    Spells: 0 memorised, 7 levels left

rFire  + . .     SeeInvis .     x - +0 battleaxe
rCold  + + .     Gourm    .     j - +1 plate armour
rNeg   . . .     Faith    .     (shield currently unavailable)
rPois  +         Spirit   .     (helmet restricted)
rElec  +         Dismiss  .     y - +1 cloak
rCorr  +         Reflect  .     (no gloves)
SustAt .         Harm     .     w - +0 pair of boots
MR     .....                    (no amulet)
Stlth  ..........               (no ring)
                                n - +6 ring of protection

@: mighty, agile, lethally poisoned (-2 -> -10), resistant, drained, not
resistant to hostile enchantments, extremely unstealthy
A: antennae 1, claws 2, hooves 1, molten scales 1, clever 1, cold resistance 1,
deformed body, powered by death 1, powered by pain 2, MP-powered wands
a: Depart the Abyss, Bend Space, Banish, Corrupt, Renounce Religion


You were on level 7 of the Dungeon.
You worshipped Lugonu.
Lugonu was greatly pleased with you.
You were not hungry.

You visited 1 branch of the dungeon, and saw 7 of its levels.
You visited the Abyss 1 time.
You also visited: Sewer and Ossuary.

You collected 268 gold pieces.
You spent 63 gold pieces at shops.

Inventory:

Hand Weapons
 a - a +2 hand axe
 x - a +0 battleaxe (weapon)
Missiles
 p - 7 tomahawks (quivered)
Armour
 j - a +1 plate armour (worn)
 v - a +0 helmet
 w - a +0 pair of boots (worn)
 y - a +1 cloak (worn)
Jewellery
 n - a +6 ring of protection (left claw)
Wands
 k - a wand of teleportation (6/9)
 s - a wand of disintegration (6/24)
 t - a wand of digging (19/24)
Scrolls
 b - 5 scrolls of identify
 e - 4 scrolls of teleportation
 m - a scroll of remove curse
 r - a scroll of blinking
Potions
 l - 3 potions of flight
 o - a potion of heal wounds
 q - 2 potions of might
Comestibles
 c - 3 bread rations
 f - 4 meat rations
 g - 3 beef jerkies
 u - 6 fruits
 z - a chunk of flesh


   Skills:
 + Level 6.1(5.9) Fighting
 + Level 5.7(5.5) Axes
 + Level 0.5(0.3) Throwing
 * Level 7.1(6.9) Armour
 + Level 2.2(2.1) Dodging
 + Level 0.2(0.0) Stealth
 + Level 3.3(3.1) Invocations


You had 7 spell levels left.
You didn't know any spells.

Dungeon Overview and Level Annotations

Branches:
Dungeon (7/15)             Temple (0/1) D:5

Altars:
Cheibriados
Dithmenos
Elyvilon
Ru
The Shining One

Shops:
D:5 (   D:6 [

Annotations:
Abyss:1 Grinder


Innate Abilities, Weirdness & Mutations

You have very sharp fingernails.
You are partially covered in molten scales (AC +1).
You regenerate a little health from kills.
You sometimes gain power by taking damage.
You have a pair of small antennae on your head.
You have large cloven feet.
Your mind is acute. (Int +2)
Your flesh is cold resistant.
Armour fits poorly on your strangely shaped body.
You expend magic power (3 MP) to strengthen your wands.


Message History

The killer bee stings you.
* * * LOW HITPOINT WARNING * * *
You closely miss the killer bee.
The killer bee is almost dead.
You feel sick. The killer bee completely misses you.
The killer bee stings you but does no damage. x2
You miss the killer bee.
The killer bee is almost dead.
You feel sick. The killer bee closely misses you.
The killer bee barely misses you. x2
You miss the killer bee.
The killer bee is almost dead.
You feel sick.
The killer bee stings you but does no damage. x2
You barely miss the killer bee.
The killer bee is almost dead.
You feel sick. The killer bee barely misses you. The killer bee stings you.
* * * LOW HITPOINT WARNING * * *
The killer bee stings you!
You die...

# #≈._.≈#
#.....(........
. #≈...≈# .
....#......##.
#%#.≈≈≈.#.#
.............
#.#.$y..#.#
.###.........
#.#.y.#.#
#.....####
#y#.#.# ###.###
#.#.# #.#
##.#######.#
#.#
#.yyyy@....#
#.#
#..#########
#.# #..# #.#
#..# #.# #..#
#.# #.## #.#
#.## #.# #..#
#.# #######..#
#.#


You could see 4 killer bees.

Vanquished Creatures
  A phantom (D:5)
  A sky beast (D:6)
  An ogre (D:6)
  2 centaurs
  A crocodile (Sewer)
  2 giant frogs (D:6)
  2 scorpions
  A howler monkey (D:3)
  A crimson imp (D:7)
  A hound (D:7)
  A human zombie (Ossuary)
  2 jellies
  Crazy Yiuf (D:7)
  Terence (D:3)
  2 iguanas (D:4)
  Natasha (twice) (D:3)
  8 worker ants
  2 orc wizards (D:5)
  A big kobold zombie (Ossuary)
  A hound zombie (D:7)
  4 mummies (Ossuary)
  A worker ant zombie (D:3)
  11 adders
  4 gnolls (D:6)
  A shadow imp (D:6)
  8 worms
  2 dart slugs
  12 giant geckos
  11 orcs
  6 giant cockroaches
  20 goblins
  9 hobgoblins
  11 jackals
  14 kobolds
  4 quokkas
  2 ball pythons
  6 bats
  A giant gecko skeleton (D:4)
  A giant gecko zombie (D:6)
  4 giant newts
  2 gnoll zombies (Ossuary)
  3 hobgoblin zombies (Ossuary)
  A kobold zombie (Ossuary)
  A quokka skeleton (D:5)
  5 rats
178 creatures vanquished.

Vanquished Creatures (others)
  A crimson imp (D:5)
  A giant gecko (D:4)
2 creatures vanquished.

Grand Total: 180 creatures vanquished

Notes
Turn   | Place    | Note
--------------------------------------------------------------
     0 | Abyss:1  | Gargoyl the Demonspawn Abyssal Knight began the quest for the Orb.
     0 | Abyss:1  | Reached XP level 1. HP: 18/18 MP: 2/2
    55 | Abyss:1  | Found a corrupted altar of Lugonu.
   105 | Abyss:1  | Noticed a raiju
   107 | D:1      | Escaped the Abyss
   228 | D:1      | Reached * piety under Lugonu
   228 | D:1      | Reached skill level 2 in Armour
   271 | D:1      | Gained mutation: You are partially covered in molten scales (AC +1). [demonic ancestry]
   271 | D:1      | Reached XP level 2. HP: 24/24 MP: 3/3
   545 | D:1      | Gained mutation: You regenerate a little health from kills. [demonic ancestry]
   545 | D:1      | Reached XP level 3. HP: 29/29 MP: 5/5
   829 | D:2      | Found a snail-covered altar of Cheibriados.
   896 | D:2      | Reached ** piety under Lugonu
  1024 | D:2      | Reached skill level 1 in Dodging
  1076 | D:2      | Reached XP level 4. HP: 32/35 MP: 6/6
  1425 | D:2      | Reached skill level 3 in Armour
  1903 | D:3      | Gained mutation: You sometimes gain a little power by taking damage. [demonic ancestry]
  1903 | D:3      | Reached XP level 5. HP: 41/42 MP: 7/7
  1925 | D:3      | Noticed Terence
  1925 | D:3      | Noticed Natasha
  1979 | D:3      | Killed Natasha
  1984 | D:3      | Killed Terence
  2050 | D:3      | Reached *** piety under Lugonu
  2132 | D:3      | Found a shadowy altar of Dithmenos.
  2433 | D:3      | Found a glowing golden altar of the Shining One.
  2776 | D:3      | Noticed Natasha
  2789 | D:3      | Killed Natasha
  2789 | D:3      | Reached skill level 4 in Armour
  2789 | D:3      | Gained mutation: You sometimes gain power by taking damage. [demonic ancestry]
  2789 | D:3      | Reached XP level 6. HP: 17/48 MP: 8/8
  3049 | D:4      | Noticed Grinder
  3063 | D:4      | Found a white marble altar of Elyvilon.
  3071 | D:4      | Paralysed by Grinder for 4 turns
  3085 | D:4      | Banished Grinder
  3205 | D:4      | Found a glowing drain.
  3222 | Sewer    | Entered a sewer
  3557 | D:4      | Reached XP level 7. HP: 52/55 MP: 9/9
  3720 | D:4      | Reached skill level 5 in Armour
  3884 | D:4      | Reached **** piety under Lugonu
  4250 | D:5      | Entered Level 5 of the Dungeon
  4337 | D:5      | Found a sand-covered staircase.
  4346 | Ossuary  | Entered an ossuary
  4929 | D:5      | Found Vywaq Imunni's Armour Emporium.
  5120 | D:5      | Found a staircase to the Ecumenical Temple.
  5234 | D:5      | Reached skill level 5 in Fighting
  5234 | D:5      | Gained mutation: You have sharp fingernails. [demonic ancestry]
  5234 | D:5      | Reached XP level 8. HP: 58/62 MP: 10/10
  5311 | D:5      | Reached skill level 6 in Armour
  5412 | D:5      | Found Izodghyf's Weapon Shoppe.
  5667 | D:6      | Reached skill level 5 in Axes
  5729 | D:6      | Gained mutation: Your flesh is cold resistant. [mutagenic meat]
  5730 | D:6      | Gained mutation: You have a pair of small antennae on your head. [mutagenic meat]
  5731 | D:6      | Gained mutation: You expend magic power (3 MP) to strengthen your wands. [mutagenic meat]
  5732 | D:6      | Gained mutation: Armour fits poorly on your strangely shaped body. [mutagenic meat]
  5733 | D:6      | Gained mutation: You are dopey. (Int -2) [mutagenic meat]
  5736 | D:6      | Gained mutation: You have large cloven feet. [potion of mutation]
  5737 | D:6      | Lost mutation: You are dopey. (Int -2) [potion of mutation]
  5737 | D:6      | Gained mutation: You have very sharp fingernails. [potion of mutation]
  5737 | D:6      | Gained mutation: Your mind is acute. (Int +2) [potion of mutation]
  5970 | D:6      | Found Gokiog's Armour Shop.
  5975 | D:6      | Bought a +0 pair of boots for 63 gold pieces
  6331 | D:7      | Reached skill level 7 in Armour
  6538 | D:7      | Noticed Crazy Yiuf
  6550 | D:7      | Killed Crazy Yiuf
  6781 | D:7      | Found a sacrificial altar of Ru.
  6814 | D:7      | Slain by a killer bee

Skill      XL: |  1  2  3  4  5  6  7  8 |
---------------+-------------------------+-----
Armour         | 2 3 4 5 7 |  7.1
Axes           | 2 3 4 5 |  5.7
Dodging        | 1 2 |  2.2
Fighting       | 4 5 6 |  6.1
Invocations    | 3 |  3.3
Throwing       | |  0.5
Stealth        | |  0.2

Action                   |  1- 3 |  4- 6 |  7- 9 || total
-------------------------+-------+-------+-------++-------
Melee: Hand axe          |   153 |   358 |   438 ||   949
       Battleaxe         |       |       |    50 ||    50
       Kick              |       |       |     6 ||     6
Throw: Tomahawk          |       |     4 |     5 ||     9
Invok: Depart the Abyss  |     1 |       |       ||     1
       Banish            |       |     1 |     1 ||     2
  Use: Potion            |       |    10 |     9 ||    19
       Scroll            |       |     8 |     5 ||    13
  Eat: Chunk             |     1 |     9 |    14 ||    24
       Fruit             |       |       |     3 ||     3
Armor: Scale mail        |    31 |       |       ||    31
       Chain mail        |    67 |   255 |       ||   322
       Plate armour      |       |     9 |   457 ||   466
Dodge: Dodged            |    66 |   131 |   142 ||   339
